 Dungeon Crawl Stone Soup version 0.30.1-4-g462c640d31 (webtiles) character file.

Game seed: 9676592248030917481

3 GeoRichter the Grasshopper (level 1, 8/16 HPs)
             Began as a Demonspawn Warper on Sept 15, 2023.
             Quit the game on level 1 of the Dungeon.
             The game lasted 00:00:55 (76 turns).

GeoRichter the Grasshopper (Demonspawn Warper)        Turns: 76, Time: 00:00:55

Health: 8/16       AC:  3    Str: 11    XL:     1   Next: 41%
Magic:  3/3        EV: 11    Int: 14    God:
Gold:   0          SH:  0    Dex: 12    Spells: 4/4 levels left

rFire   . . .        a - +0 falchion
rCold   . . .        (no shield)
rNeg    . . .        b - +0 leather armour
rPois   .            (no helmet)
rElec   .            (no cloak)
rCorr   .            (no gloves)
SInv    .            (no boots)
Will    .....        (no amulet)
Stlth   +            (no ring)
HPRegen 0.22/turn    (no ring)
MPRegen 0.08/turn

%: no passive effects
@: no status effects
A: no striking features
a: no special abilities


You were on level 1 of the Dungeon.
You visited 1 branch of the dungeon, and saw 1 of its levels.

Inventory:

Hand Weapons
 a - a +0 falchion (weapon)
Missiles
 d - 6 boomerangs of dispersal (quivered) {!f}
Armour
 b - a +0 leather armour (worn)


   Skills:
 + Level 2.1 Fighting
 * Level 2.0 Long Blades
 - Level 0.8 Throwing
 - Level 0.8 Armour
 - Level 1.7 Dodging
 - Level 2.0 Spellcasting
 - Level 2.6 Translocations


You had 4 spell levels left.
You didn't know any spells.
Your spell library contained the following spells:

 Spells                   Type           Power      Damage    Failure   Level
 Blink                    Tloc           16%        N/A       16%         2
 Lesser Beckoning         Tloc           16%        N/A       16%         2
 Teleport Other           Tloc           8%         N/A       30%         3
 Vhi's Electric Charge    Tloc/Air       10%        N/A       47%         3
 Manifold Assault         Tloc           8%         N/A       71%         4


Dungeon Overview and Level Annotations

Branches:
Dungeon (1/15) Zot: 5921

Altars:


Message History

Okay, then.
Blink to where?
Press: ? - help, Dir - move target A goblin comes into view.
It is wielding a +0 club.
Found a stone.
As you read the scroll of blinking, it crumbles to dust.
The goblin shouts!
The goblin moves out of view.
A kobold comes into view. It is wielding a +0 dagger.
The kobold shouts!
You hit the kobold.
You kill the kobold!
Found a scroll labelled WAEMNI WOERGH.
A kobold comes into view. It is wielding a +0 dagger.
The kobold shouts!
The goblin attacks as you move away! The goblin closely misses you.
A dart slug comes into view.
The goblin attacks as you move away! The goblin closely misses you.
The kobold barely misses you. The kobold attacks as you move away!
The kobold hits you but does no damage.
A ball python comes into view.
Found a dark potion.
The ball python hisses angrily.
The goblin hits you but does no damage. The kobold attacks as you move away!
The kobold hits you with a +0 dagger.
The rat twitches its whiskers.
The gnoll attacks as you move away! The gnoll hits you with a +0 flail!
* * * LOW HITPOINT WARNING * * *
You aren't carrying any scrolls.
Unknown command.
Throw: 7 boomerangs (disperse) {!f}
Press: ? - help, Q - select action Shift-Dir - straight line, f - gnoll
Aim: a gnoll, wielding a +0 flail (61% to hit)
You throw a boomerang of dispersal {!f}.
The boomerang of dispersal {!f} hits the gnoll and shatters for extra damage.
The gnoll blinks!
The gnoll is moderately wounded.
Really fire
d - 6 boomerangs of dispersal {!f}?
You don't have any such object.
Fire/throw/use which item? ([*] to toss any item) (? for menu, Esc to quit)
You don't have any such object.
Fire/throw/use which item? ([*] to toss any item) (? for menu, Esc to quit)
Huh?
Fire/throw/use which item? ([*] to toss any item) (? for menu, Esc to quit)
You don't have any such object.
Fire/throw/use which item? ([*] to toss any item) (? for menu, Esc to quit)
Huh?
Fire/throw/use which item? ([*] to toss any item) (? for menu, Esc to quit)
Okay, then.
Are you sure you want to abandon this character and quit the game? (Confirm with "yes".)

## #..##
.. #...
.##...
..... ...#
#.g#
....#..#
#...#.@#
#...#.S#
.###
#...#.K#
.8.#.
#...#.g#
.....
#.w.#.r#
.....
#...#..#
.8.
#...g..#
.##
#..g#..#
..##
#...#.....


You could see a gnoll, a hobgoblin, a goblin, a ball python, a kobold and a rat.

Vanquished Creatures
  A giant cockroach (D:1)
  A hobgoblin (D:1)
  A kobold (D:1)
3 creatures vanquished.

Notes
Turn   | Place    | Note
-------+----------+-------------------------------------------
     0 | D:1      | GeoRichter the Demonspawn Warper began the quest for the
                  | Orb.
     0 | D:1      | Reached XP level 1. HP: 16/16 MP: 3/3
    76 | D:1      | Quit the game

Illustrated notes

Levels and vault maps discovered:
D:1:      erik_arrival_cave_to_civilisation [erik_arrival_cave_to_temple],
          layout_basic, serial_shops, shop, nicolae_shop_statue_plus,
          nicolae_shop_behind_doors

Skill      XL: |  1 |
---------------+----+-----
Long Blades    | 2 |  2.0
Fighting       | |  2.1
Throwing       | |  0.8
Armour         | |  0.8
Dodging        | |  1.7
Spellcasting   | |  2.0
Translocations | |  2.6

Action                     || total
---------------------------++-------
  Melee: Falchion          ||    11
  Throw: Boomerang         ||     1
    Use: Scroll            ||     1
 Armour: Leather armour    ||     5
  Dodge: Dodged            ||    13
